 Dungeon Crawl Stone Soup version 0.29-a0-598-gd8304a5bf4 (webtiles) character file.

Game seed: 7092969968719610312

2130 zishaf the Magician (level 9, -5/58 HPs)
             Began as a Djinni Venom Mage on June 15, 2022.
             Was a Believer of Hepliaklqana.
             Slain by a gnoll sergeant
             ... wielding the +7 trident of Bodily Humours {elec, rPois}
              (9 damage)
             ... on level 4 of the Dungeon.
             The game lasted 00:14:23 (5839 turns).

zishaf the Magician (Djinni Venom Mage)             Turns: 5839, Time: 00:14:23

Health: -5/58      AC:  7    Str:  7    XL:     9   Next: 55%
Gold:   410        EV: 12    Int: 21    God:    Hepliaklqana [**....] SH:  0 Dex: 14

rFire   + . .      SeeInvis .   t - +10 war axe "Cigusabe" {flame, rC+ rN+}
rCold   + + .      Faith    .   (no shield)
rNeg    + . .      Spirit   .   a - +1 robe
rPois   ∞          Reflect  .   (no helmet)
rElec   .          Harm     .   (no cloak)
rCorr   +          Rampage  .   (no gloves)
Will    .....                   (boots unavailable)
Stlth   +++.......              g - amulet of regeneration
HPRegen 0.99/turn               e - ring of the Gloaming {rF- rC++ rCorr AC+4 Stlth+}
MPRegen 0.00/turn               (no ring)

@: swift, flying, quick
A: reduced essence, sickness immunity, fire resistance 2, cold vulnerability 1,
float, innate caster, HP casting, extra vitality 1
a: Renounce Religion, Recall Ancestor, Ancestor Identity


You were on level 4 of the Dungeon.
You worshipped Hepliaklqana.
Hepliaklqana was pleased with you.
You visited 2 branches of the dungeon, and saw 7 of its levels.

You collected 410 gold pieces.

Inventory:

Hand Weapons
 n - a +2 dagger of venom
 t - the +10 war axe "Cigusabe" (weapon) {flame, rC+ rN+}
   (You found it on level 3 of the Dungeon)

   It burns those it strikes, dealing additional fire damage.
   Big, fiery blades are also staple armaments of hydra-hunters.
   rC:        It protects you from cold.
   rN:        It protects you from negative energy.
 w - the +10 war axe "Wyoji" {protect, Int+2 Dex+2}
   (You took it off an orc on level 4 of the Dungeon)

   It grants its wielder temporary protection when it strikes (+7 to AC).
   Int:       It affects your intelligence (+2).
   Dex:       It affects your dexterity (+2).
 G - the +4 hunting sling of Oozing Pus {vorpal, rElec Str+8 Dex-2}
   (You found it on level 6 of the Dungeon)

   Any ammunition fired from it inflicts extra damage upon your enemies.
   Str:       It affects your strength (+8).
   Dex:       It affects your dexterity (-2).
   rElec:     It insulates you from electricity.
Armour
 a - a +1 robe (worn)
Jewellery
 e - the ring of the Gloaming (left hand) {rF- rC++ rCorr AC+4 Stlth+}
   (You acquired it on level 6 of the Dungeon)

   [ring of protection]

   AC:        It affects your AC (+4).
   rF:        It makes you vulnerable to fire.
   rC:        It greatly protects you from cold.
   rCorr:     It protects you from acid and corrosion.
   Stlth:     It makes you more stealthy.
 g - an amulet of regeneration (around neck)
 s - an amulet of faith
 D - a +6 ring of dexterity
Wands
 j - a wand of charming (9)
 q - a wand of flame (12)
 y - a wand of digging (5)
 B - a wand of iceblast (6)
Scrolls
 b - a scroll of poison
 c - a scroll of summoning
 f - a scroll of fog
 k - a scroll of silence
 o - 5 scrolls of teleportation
 u - a scroll of blinking
 C - a scroll of enchant armour
 E - a scroll of identify
Potions
 d - a potion of cancellation {unknown}
 h - 2 potions of brilliance
 i - 2 potions of ambrosia
 l - a potion of attraction {unknown}
 m - 2 potions of heal wounds {unknown}
 p - a potion of degeneration {unknown}
 r - a potion of invisibility {unknown}
 v - 2 potions of curing {unknown}
 x - 3 potions of lignification
 z - a potion of haste {unknown}
 A - a potion of resistance {unknown}
 F - a potion of might {unknown}
 H - a potion of berserk rage {unknown}
 I - a potion of mutation {unknown}


   Skills:
 + Level 5.3 Fighting
 + Level 3.8 Axes
 - Level 2.1 Dodging
 - Level 1.5 Stealth
 * Level 6.5 Spellcasting
 + Level 5.0 Evocations


You had one spell level left.
You knew the following spells:

 Your Spells              Type           Power      Damage    Failure   Level
a - Sting                 Tmut/Pois      100%       1d8       1%          1
b - Poisonous Vapours     Pois/Air       68%        N/A       1%          2
c - Magic Dart            Conj           100%       1d8       1%          1
d - Searing Ray           Conj           68%        2d6       1%          2
e - Iskenderun's Mystic   Conj/Tloc      34%        2d8       6%          4
z - Mephitic Cloud        Conj/Pois/Air  34%        N/A       1%          3
A - Olgreb's Toxic Radia  Pois           34%        N/A       6%          4
B - Swiftness             Air            34%        N/A       1%          3
Your spell library was empty.

Dungeon Overview and Level Annotations

Branches:
Dungeon (6/15)             Temple (1/1) D:4

Altars:
Ashenzari
Cheibriados
Elyvilon
Fedhas
Gozag
Hepliaklqana
Kikubaaqudgha
Nemelex Xobeh
Okawaru
Qazlal
Ru
Sif Muna
Trog
Uskayaw
Vehumet
Xom
Yredelemnul
Zin
The Shining One
Beogh

Shops:
D:2 [

Annotations:
D:4 1 transporter


Innate Abilities, Weirdness & Mutations

Your life essence is reduced to manifest your ancestor. (-10% HP)
You are immune to sickness and miasma.
You are immune to poison.
Your flesh is very heat resistant. (rF++)
You are vulnerable to cold. (rC-)
You float through the air rather than walking.
You learn spells naturally, not from books.
Your magical power is your life essence.
You have superior vitality. (+4 MHP)


Message History

The gnoll shaman calls down the wrath of its god upon you.
You easily resist.
The gnoll throws a throwing net.
The throwing net closely misses Tochtli.
The throwing net misses you.
The throwing net barely misses the gnoll shaman.
The gnoll sergeant hits you from afar with the +7 trident of Bodily Humours {elec, rPois}!
* * * LOW HITPOINT WARNING * * *
The gnoll is engulfed in noxious fumes.
The gnoll appears confused.
The gnoll hits the gnoll sergeant with a +1 halberd of venom.
You swap places.
The gnoll shaman barely misses you.
The gnoll is engulfed in noxious fumes.
The gnoll appears confused.
Tochtli barely misses the gnoll shaman.
There is a fountain of clear blue water here.
Casting: Mephitic Cloud (safe; 1% risk of failure)
Confirm with . or Enter, or press ? or * to list all spells.
Aiming: Mephitic Cloud (safe; 1% risk of failure)
Press: ? - help, Shift-Dir - straight line, f - Tochtli, p - gnoll sergeant
Aim: Tochtli the knight, wielding a +0 flail and wearing a +0 kite shield (friendly, not susceptible) Tochtli avoids your attack.
The ball explodes into a vile cloud!
Tochtli avoids your attack.
The stinking cloud engulfs you but does no damage.
The stinking cloud engulfs the gnoll sergeant but does no damage.
The gnoll sergeant is moderately wounded.
The stinking cloud engulfs the gnoll shaman but does no damage.
The gnoll shaman is almost dead.
* * * LOW HITPOINT WARNING * * *
The gnoll shaman hits you but does no damage.
The gnoll sergeant closely misses you.
The gnoll gestures wildly.
Tochtli hits the gnoll shaman with a +0 flail!
The gnoll shaman dies!
Okay, then.
Casting: Mephitic Cloud (safe; 1% risk of failure)
Confirm with . or Enter, or press ? or * to list all spells.
You feel quick.
* * * LOW HITPOINT WARNING * * *
The gnoll sergeant hits you from afar with the +7 trident of Bodily Humours {elec, rPois}!
* * * LOW HITPOINT WARNING * * *
You are electrocuted!
You die...

###..≈≈≈≈≈≈≈≈≈≈≈...≈≈≈≈≈≈≈≈≈≈≈..#
.....≈≈≈≈≈≈≈≈≈≈≈...≈≈≈≈≈≈≈≈≈≈≈..#
###..≈≈#####...........#####≈≈...
.....≈≈#.#.#.###.©.###.#.# #≈≈...
#....≈≈#...###©#####.###...#≈≈.#.
#.#..≈≈###g......(.. ###≈≈.#.
#.#.)≈≈.8#g######g###### #8.≈≈..)
.....≈≈.##g#...#8).#☼⌠.#.##.≈≈..#
#.#..≈≈.#..'..:#@Rg☼g..'..#.≈≈.##
#.#..≈≈.##.#g..#8○☼#☼⌠.#.##.≈≈..#
.....≈≈.8#.######g######.#8.≈≈..#
#.#..≈≈###g..g ......g...###≈≈...
#.#..≈≈#ggg###.#####.###..g#≈≈..#
#....≈≈#W#.#.###.©.###.#g#.#≈≈..#
#.##.≈≈#####...........#####≈≈...
#.##.≈≈≈≈≈≈≈≈≈≈≈≈≈≈≈≈≈≈≈≈≈≈≈≈≈..#
#.##.≈≈≈≈≈≈≈≈≈≈≈≈≈≈≈≈≈≈≈≈≈≈≈≈≈..#


You could see the friendly Tochtli the knight, a gnoll sergeant (ally target)
and 3 gnolls.

Vanquished Creatures
  A black bear (D:6)
  2 ice beasts (D:6)
  4 sky beasts
  An ogre (D:6)
  2 phantoms (D:5)
  2 kobold brigands
  2 necrophages (D:5)
  4 scorpions
  A jelly (D:6)
  4 orc priests
  A hound (D:6)
  3 iguanas
  2 orc wizards
  8 gnolls
  3 adders
  A shadow imp (D:5)
  2 ufetubi (D:6)
  A worm (D:2)
  2 dart slugs
  15 orcs
  10 endoplasms
  3 giant cockroaches
  9 goblins
  12 hobgoblins
  A jackal (D:2)
  7 quokkas
  7 ball pythons
  8 bats
  3 frilled lizards (D:2)
  41 kobolds
  4 rats
166 creatures vanquished.

Vanquished Creatures (collateral kills)
  A phantom (D:6)
  A gnoll shaman (D:4)
  An iguana (D:5)
  2 gnolls
  A shadow imp (D:6)
  The ghost of RancidPinata the Sneak, a weakling GrDe (D:4)
  4 kobolds (D:5)
11 creatures vanquished.

Vanquished Creatures (others)
  An ancestor (D:5)
  6 plants (D:4)
7 creatures vanquished.

Grand Total: 184 creatures vanquished

Notes
Turn   | Place    | Note
-------+----------+-------------------------------------------
     0 | D:1      | zishaf the Djinni Venom Mage began the quest for the Orb.
     0 | D:1      | zishaf set off with the following spells memorised: Sting,
                  | Poisonous Vapours, Mephitic Cloud, Olgreb's Toxic Radiance.
     0 | D:1      | Reached XP level 1. HP: 15/15 MP: 0/0
   428 | D:1      | Reached XP level 2. HP: 17/22 MP: 0/0
   775 | D:1      | Reached skill level 1 in Fighting
   899 | D:1      | Reached XP level 3. HP: 27/27 MP: 0/0
   899 | D:1      | Learned a level 1 spell: Magic Dart
   919 | D:1      | Reached skill level 3 in Spellcasting
  1060 | D:1      | Found a faded altar of an unknown god.
  1283 | D:2      | Found an opulent altar of Gozag.
  1422 | D:2      | Reached XP level 4. HP: 32/32 MP: 0/0
  1614 | D:2      | Found Plog's Armour Boutique.
  1727 | D:2      | Reached skill level 1 in Evocations
  1898 | D:3      | Identified the +7 spear of Weeduato {flame, Fragile rPois
                  | rN+++ MP+9}
  1925 | D:3      | Identified the +10 war axe "Cigusabe" {flame, rC+ rN+}
  1982 | D:3      | Reached XP level 5. HP: 30/38 MP: 0/0
  1982 | D:3      | Learned a level 2 spell: Searing Ray
  2731 | D:3      | Reached skill level 1 in Axes
  2731 | D:3      | Reached XP level 6. HP: 45/45 MP: 0/0
  2767 | D:4      | Reached skill level 4 in Spellcasting
  2779 | D:4      | Found a transporter.
  2781 | D:4      | Found a transporter.
  2843 | D:4      | Identified the +10 war axe "Wyoji" {protect, Int+2 Dex+2}
  2953 | D:4      | Identified the +7 trident of Bodily Humours {elec, rPois}
  3135 | D:4      | Found a staircase to the Ecumenical Temple.
  3145 | D:4      | Reached XP level 7. HP: 40/50 MP: 0/0
  3145 | D:4      | Learned a level 3 spell: Swiftness
  3149 | Temple   | Entered the Ecumenical Temple
  3374 | Temple   | Became a worshipper of Hepliaklqana the Forgotten
  3513 | D:4      | Noticed RancidPinata's ghost (weakling GrDe)
  3746 | D:5      | Entered Level 5 of the Dungeon
  4018 | D:5      | Reached XP level 8. HP: 42/57 MP: 0/0
  4065 | D:5      | Reached skill level 5 in Spellcasting
  4344 | D:5      | Reached * piety under Hepliaklqana
  5017 | D:6      | Identified a scroll of acquirement
  5017 | D:6      | Acquired the ring of the Gloaming {rF- rC++ rCorr AC+4
                  | Stlth+}
  5208 | D:6      | Reached XP level 9. HP: 55/56 MP: 0/0
  5208 | D:6      | Learned a level 4 spell: Iskenderun's Mystic Blast
  5251 | D:6      | Reached skill level 6 in Spellcasting
  5482 | D:6      | Reached skill level 5 in Fighting
  5559 | D:6      | Reached ** piety under Hepliaklqana
  5560 | D:6      | Remembered your ancestor Tochtli as a knight
  5568 | D:6      | Identified the +4 hunting sling of Oozing Pus {vorpal,
                  | rElec Str+8 Dex-2}
  5655 | D:6      | Reached skill level 5 in Evocations
  5835 | D:4      | Killed RancidPinata's ghost
  5839 | D:4      | Slain by a gnoll sergeant

Illustrated notes

Levels and vault maps discovered:
D:1:      dpeg_arrival_windows_large_door, layout_basic,
          dreamdust_ecumenical_altar_angels_and_demons
D:2:      layout_rooms, basic_altar, serial_shops, nicolae_shop_stone,
          minmay_divided_ellipse
D:3:      layout_basic, minmay_misc_feat_tower, hangedman_decor_lopped,
          kennysheep_orc_chapel
D:4:      layout_basic, minmay_temple_entry_fiery, gammafunk_ghost_gnarly_gnolls
D:5:      minmay_goblin_kobold_castle, layout_rooms, grunt_decor_clamped
D:6:      layout_gridville, mainiacjoe_overflow_alcove_1
Temple:   regret_index_temple_mists

Skill      XL: |  1  2  3  4  5  6  7  8  9 |
---------------+----------------------------+-----
Fighting       | 1 2 3 4 5 |  5.3
Spellcasting   | 3 4 5 6 |  6.5
Evocations     | 1 2 3 4 5 |  5.0
Axes           | 1 2 3 |  3.8
Dodging        | |  2.1
Stealth        | |  1.5

Action                   |  1- 3 |  4- 6 |  7- 9 || total
-------------------------+-------+-------+-------++-------
Melee: Short sword       |     5 |       |       ||     5
       War axe           |       |    40 |   161 ||   201
       Dagger            |       |     3 |       ||     3
       Punch             |       |       |     1 ||     1
 Cast: Sting             |    72 |    72 |     8 ||   152
       Magic Dart        |     5 |     4 |       ||     9
       Mephitic Cloud    |       |     2 |     6 ||     8
       Olgreb's Toxic Ra |       |     1 |     2 ||     3
       Poisonous Vapours |       |       |     2 ||     2
       Iskenderun's Myst |       |       |     2 ||     2
       Swiftness         |       |       |     1 ||     1
Invok: Ancestor Life: Kn |       |       |     1 ||     1
  Use: Scroll            |       |     1 |    12 ||    13
 Stab: Sleeping          |       |     1 |     5 ||     6
       Confused          |       |       |     1 ||     1
Armor: Robe              |     5 |     7 |    43 ||    55
Dodge: Dodged            |    26 |    39 |   105 ||   170

Table legend: (Time is in decaauts)
 A = Elapsed time spent in this place.
 B = Non-inter-level travel time spent in this place.
 C = Inter-level travel time spent in this place.
 D = Time resting spent in this place.
 E = Time spent auto-exploring this place.
 F = Levels seen in this place.
 G = Mean time per level.
                   A        B        C        D        E       F      G
               +--------+--------+--------+--------+--------+-----+--------+
         Total |   5914 |   5668 |    246 |    370 |   3991 |   7 |  844.9 |
       Dungeon |   5667 |   5441 |    226 |    370 |   3857 |   6 |  944.5 |
        Temple |    246 |    226 |     20 |      0 |    134 |   1 |  246.0 |
               +--------+--------+--------+--------+--------+-----+--------+

Top non-repeatable levels by time:
     D:1: 1282 daAuts
     D:5: 1168 daAuts
     D:6: 957 daAuts
     D:3: 930 daAuts
     D:4: 770 daAuts
     D:2: 558 daAuts
  Temple: 246 daAuts
